 Dungeon Crawl Stone Soup version 0.18-a0-1685-g4482fe3 (webtiles) character file.

513 namelastname112 the Skirmisher (level 7, 61/61 HPs)
             Began as a Purple Draconian Warper on Apr 4, 2016.
             Quit the game on level 4 of the Dungeon.
             The game lasted 00:13:14 (4085 turns).

namelastname112 the Skirmisher (DrWr)               Turns: 4085, Time: 00:13:15

Health: 61/61      AC:  6    Str: 13    XL:     7   Next: 0%
Magic:  10/10      EV: 14    Int: 13    God:
Gold:   88         SH:  0    Dex: 13    Spells: 3 memorised, 3 levels left

rFire  . . .     SeeInvis .     g - +0 dagger (elec)
rCold  . . .     Gourm    .     (armour unavailable)
rNeg   . . .     Faith    .     (no shield)
rPois  .         Spirit   .     (helmet restricted)
rElec  .         Dismiss  .     (no cloak)
rCorr  .         Reflect  .     (no gloves)
SustAt .         Harm     .     (no boots)
MR     +....                    n - amulet of regeneration
Stlth  +.........               (no ring)
                                (no ring)

@: somewhat resistant to hostile enchantments, very unstealthy
A: breathe power, unfitting armour, cold-blooded, AC +6
a: Breathe Dispelling Energy


You were on level 4 of the Dungeon.
You were not hungry.

You visited 1 branch of the dungeon, and saw 4 of its levels.

You collected 88 gold pieces.

Inventory:

Hand Weapons
 g - a +0 dagger of electrocution (weapon)
Missiles
 d - 5 tomahawks of dispersal (quivered)
 h - 33 arrows
Jewellery
 n - an amulet of regeneration (around neck)
Scrolls
 a - 4 scrolls of identify {unknown}
 c - a scroll of blinking
 e - a scroll of enchant armour {unknown}
 l - a scroll of teleportation {unknown}
 m - 2 scrolls of remove curse {unknown}
 q - a scroll of immolation {unknown}
Potions
 i - a potion of brilliance {unknown}
 j - a potion of ambrosia {unknown}
 o - 2 potions of mutation {unknown}
 p - a potion of haste {unknown}
Books
 b - a book of Spatial Translocations

   Spells                             Type                      Level
   a - Apportation                    Translocation                1
   b - Blink                          Translocation                2
   c - Shroud of Golubria             Charms/Translocation         2
   d - Portal Projectile              Translocation                3
   e - Teleport Other                 Translocation                3
   f - Passage of Golubria            Translocation                4
Comestibles
 f - 2 bread rations
 k - 2 slices of pizza
 r - a meat ration
 s - 5 chunks of flesh


   Skills:
 + Level 5.1 Fighting
 - Level 2.0 Short Blades
 - Level 0.8 Throwing
 + Level 4.4 Dodging
 - Level 2.4 Spellcasting
 + Level 5.1 Translocations


You had 3 spell levels left.
You knew the following spells:

 Your Spells              Type           Power        Failure   Level  Hunger
a - Apportation           Tloc           ##........   3%          1    #......
c - Blink                 Tloc           N/A          6%          2    ###....
x - Passage of Golubria   Tloc           N/A          34%         4    #####..


Dungeon Overview and Level Annotations

Branches:
Dungeon (4/15)             Temple (0/1) D:4

Altars:
Kikubaaqudgha
Nemelex Xobeh


Innate Abilities, Weirdness & Mutations

You can breathe bolts of dispelling energy.
Your rich purple scales are hard (AC +6).
Your body does not fit into most forms of armour.
You are cold-blooded and may be slowed by cold attacks.


Message History

You hit the ogre but do no damage.
There is a sudden explosion of sparks!
You kill the ogre!
Your Fighting skill increases to level 5!
Your Translocations skill increases to level 5!
You have reached level 7!
Your scales start taking on a rich purple colour.
You learn Spellcasting much quicker.
You learn Hexes much quicker.
You learn Charms much quicker.
You learn Evocations quicker.
You can breathe bolts of dispelling energy.
Things that are here:
a giant club; an ogre corpse You butcher the ogre corpse.
s - 6 chunks of flesh
Things that are here:
a giant club; an ogre skeleton You start resting.
Eating one of 6 chunks of flesh.
This raw flesh tastes terrible.
You continue eating. x2
HP restored.
Are you sure you want to abandon this character and quit the game? (Confirm with "yes".)

###### #....#
#.###....## .
#...@.....#.. ###.
.....###.....#........##
##. #.....#...###....
#.....#.#........
#####.#.#.###....
#.#.#.##.....
####.#.#.##.....
#......#.##.....
#.....†.........


There were no monsters in sight!

Vanquished Creatures
  Eustachio (D:3)
  An ogre (D:4)
  A hound (D:3)
  Robin (D:2)
  3 gnolls (D:2)
  9 adders
  2 oozes
  3 worms
  2 dart slugs
  4 giant geckos
  7 orcs
  8 bats
  5 giant cockroaches
  18 goblins
  12 hobgoblins
  12 jackals
  2 ball pythons
  A giant newt (D:3)
  10 kobolds
  9 rats
111 creatures vanquished.

Vanquished Creatures (others)
  A plant (D:1)
1 creature vanquished.

Grand Total: 112 creatures vanquished

Notes
Turn   | Place    | Note
--------------------------------------------------------------
     0 | D:1      | namelastname112 the Draconian Warper began the quest for the Orb.
     0 | D:1      | Reached XP level 1. HP: 17/17 MP: 3/3
   419 | D:1      | Reached XP level 2. HP: 19/25 MP: 5/5
  1124 | D:1      | Reached XP level 3. HP: 30/30 MP: 6/6
  1429 | D:1      | Learned a level 2 spell: Blink
  1600 | D:2      | Noticed Robin
  1617 | D:2      | Killed Robin
  1885 | D:2      | Found a faded altar to an unknown god.
  1937 | D:2      | Reached XP level 4. HP: 38/38 MP: 7/7
  2146 | D:2      | Found an ancient bone altar of Kikubaaqudgha.
  2316 | D:2      | Found a sparkling altar of Nemelex Xobeh.
  2473 | D:3      | Reached XP level 5. HP: 40/46 MP: 8/8
  2501 | D:3      | Learned a level 4 spell: Passage of Golubria
  2888 | D:3      | HP: 2/46 [orc/flail of protection (4)]
  3738 | D:3      | Reached XP level 6. HP: 52/53 MP: 9/9
  3869 | D:4      | Found a staircase to the Ecumenical Temple.
  3869 | D:4      | Noticed Eustachio
  3977 | D:3      | Killed Eustachio
  4048 | D:4      | Reached skill level 5 in Fighting
  4048 | D:4      | Reached skill level 5 in Translocations
  4048 | D:4      | Your scales start taking on a rich purple colour.
  4048 | D:4      | Reached XP level 7. HP: 39/61 MP: 10/10
  4085 | D:4      | Quit the game

Vault maps used:
D:1:      dpeg_arrival_simpleton_a, serial_forest, infiniplex_forest_clump_long,
          infiniplex_forest_end_3, infiniplex_forest_lined_3_way,
          infiniplex_forest_clump_curved, infiniplex_forest_straight_3,
          infiniplex_forest_lined_room_, infiniplex_forest_end_1,
          infiniplex_forest_straight_4, infiniplex_forest_clump_long,
          infiniplex_forest_clump_small, kennysheep_flooded_box
D:2:      lemuel_doored_altar, ecumenical_altar_2, nemelex_dance_club_becter,
          uniq_robin
D:3:      serial_glass, glass_columns_a, glass_columns_b
D:4:      marbit_many_paths, first_bread, uniq_eustachio, uniq_menkaure

Skill      XL: |  1  2  3  4  5  6 |
---------------+-------------------+-----
Fighting       | 3 4 5 |  5.1
Dodging        | 3 4 |  4.4
Translocations | 4 5 |  5.1
Short Blades   | |  2.0
Throwing       | |  0.8
Spellcasting   | |  2.4

Action                   |  1- 3 |  4- 6 |  7- 9 || total
-------------------------+-------+-------+-------++-------
Melee: Short sword       |    14 |       |       ||    14
       Dagger            |   118 |   229 |       ||   347
 Cast: Blink             |       |     4 |       ||     4
  Use: Potion            |       |     2 |       ||     2
 Stab: Sleeping          |     1 |     2 |       ||     3
  Eat: Chunk             |     3 |     7 |     1 ||    11
